 Dungeon Crawl Stone Soup version 0.27-a0-522-g46bbb28828 (webtiles) character file.

Game seed: 16454951159037799162

368 gruber the Archer (level 6, -4/35 HPs)
             Began as a Tengu Hunter on Mar 4, 2021.
             Slain by a killer bee (7 damage)
             ... on level 3 of the Dungeon.
             The game lasted 00:02:27 (4083 turns).

gruber the Archer (Tengu Hunter)                    Turns: 4083, Time: 00:02:27

Health: -4/35      AC:  4    Str: 13    XL:     6   Next: 69%
Magic:  7/7        EV: 12    Int: 11    God:
Gold:   235        SH:  0    Dex: 16    Spells: 5/5 levels left

rFire    . . .     SeeInvis .   h - +2 short sword (venom)
rCold    . . .     Faith    .   (no shield)
rNeg     . . .     Spirit   .   c - +0 leather armour
rPois    .         Reflect  .   (helmet restricted)
rElec    .         Harm     .   p - +0 cloak
rCorr    .         Rampage  .   (no gloves)
Will     .....                  (boots unavailable)
Stlth    ++........             (no amulet)
HPRegen  0.11/turn              (no ring)
MPRegen  0.10/turn              (no ring)

@: lethally poisoned (-4 -> -13)
A: beak, talons 3, able to fly
a: Fly


You were on level 3 of the Dungeon.
You visited 1 branch of the dungeon, and saw 4 of its levels.

You collected 235 gold pieces.

Inventory:

Hand Weapons
 a - a +1 shortbow
 h - a +2 short sword of venom (weapon)
 s - a +0 glaive
Missiles
 d - 43 arrows
Armour
 c - a +0 leather armour (worn)
 p - a +0 cloak (worn)
Jewellery
 f - a +6 ring of strength
Scrolls
 b - 4 scrolls of teleportation {unknown}
 g - 3 scrolls of immolation {unknown}
 j - a scroll of noise {unknown}
 k - a scroll of identify {unknown}
 m - 2 scrolls of magic mapping {unknown}
 o - a scroll of enchant armour {unknown}
 q - a scroll of enchant weapon {unknown}
Potions
 e - a potion of heal wounds
 i - a potion of experience {unknown}
 l - a potion of berserk rage {unknown}
 n - 2 potions of flight {unknown}
 r - a potion of curing {unknown}


   Skills:
 - Level 2.0 Fighting
 * Level 8.5 Bows
 - Level 2.1 Dodging
 - Level 1.0 Stealth


You had 5 spell levels left.
You didn't know any spells.
Your spell library was empty.

Dungeon Overview and Level Annotations

Branches:
Dungeon (4/15)
 Temple: D:4-7

Altars:
Ashenzari
Elyvilon
Kikubaaqudgha
Wu Jian


Innate Abilities, Weirdness & Mutations

You have a beak for a mouth.
You have claws for feet.
You can fly continuously.


Message History

There is a stone staircase leading down here.
Things that are here:
a +0 ring mail; a +0 hand axe
There is a stone staircase leading up here.
You climb upwards.
There is a stone staircase leading down here.
You see here a +0 glaive.
s - a +0 glaive Done exploring.
Done exploring.
Done exploring.
(D) Dungeon
Where to? (Enter - D:3 @ (x,y), ? - help)
There is a stone staircase leading down here.
You climb downwards. 3 killer bees come into view.
The killer bee buzzes angrily. x2
The killer bee stings you. The killer bee barely misses you.
The killer bee misses you. The killer bee stings you.
You are poisoned.
The killer bee poisons you!
Found a paperback book and 13 gold pieces.
There is a stone staircase leading up here.
You feel sick. The killer bee stings you.
You are more poisoned.
The killer bee poisons you! The killer bee stings you.
The killer bee barely misses you. The killer bee stings you.
The killer bee closely misses you.
You climb upwards.
You feel sick.
There is a stone staircase leading down here.
Unknown command.
You feel sick. The killer bee stings you. The killer bee misses you.
The killer bee closely misses you.
You feel sick. The killer bee stings you!
* * * LOW HITPOINT WARNING * * *
* * * LOW HITPOINT WARNING * * *
You feel sick. The killer bee barely misses you.
* * * LOW HITPOINT WARNING * * *
You feel sick. The killer bee stings you!
You die...

####...########.#
.............##.# ###
#####.....##.##.# #.##########
#..⌠..##.##.# ###..........#
##...###.##.# #......#####.#
###.##.# #.##.# #......# #.# #
#...##.###.##.####......# #.#
###..........##.##.#......# ###.#
................@yy.>..#### #.#.#
#.###.#..###.##.##.#.#.# #.#.#
...................#...######.#.#
..###.#<...........+...+.........
...........#..####.#...###.######
..............####.#...# #.#
............<......#.#.# #.#
..###.#..#.#..####.#.#.# #.#
.......†)#.#...........# #.#


You could see 2 killer bees.

Vanquished Creatures
  2 scorpions (D:3)
  A hound (D:4)
  An orc priest (D:4)
  Terence (D:2)
  2 worker ants
  A gnoll (D:1)
  4 adders
  2 oozes
  An adder skeleton (D:4)
  A worm (D:3)
  A dart slug (D:3)
  3 leopard geckos
  5 orcs
  5 bats
  4 giant cockroaches
  9 hobgoblins
  2 jackals (D:3)
  3 kobolds
  3 quokkas
  A ball python (D:1)
  2 frilled lizards (D:2)
  9 goblins
  9 rats
72 creatures vanquished.

Notes
Turn   | Place    | Note
-------+----------+-------------------------------------------
     0 | D:1      | gruber the Tengu Hunter began the quest for the Orb.
     0 | D:1      | Reached XP level 1. HP: 12/12 MP: 2/2
   219 | D:1      | Reached XP level 2. HP: 12/17 MP: 3/3
   249 | D:1      | Reached skill level 5 in Bows
   678 | D:1      | Reached XP level 3. HP: 21/21 MP: 4/4
  1304 | D:2      | Reached skill level 6 in Bows
  1306 | D:2      | Reached XP level 4. HP: 20/26 MP: 5/5
  1453 | D:2      | Noticed Terence
  1462 | D:2      | Killed Terence
  1706 | D:2      | Found an ornate altar of the Wu Jian Council.
  2336 | D:3      | Found a white marble altar of Elyvilon.
  2405 | D:3      | Gained mutation: You can fly continuously. [Tengu growth]
  2405 | D:3      | Reached XP level 5. HP: 30/30 MP: 6/6
  2510 | D:3      | Found an ancient bone altar of Kikubaaqudgha.
  2688 | D:3      | Reached skill level 7 in Bows
  2948 | D:3      | Found a broken altar of Ashenzari.
  3451 | D:3      | Reached XP level 6. HP: 33/35 MP: 7/7
  3531 | D:3      | Reached skill level 8 in Bows
  4083 | D:3      | Slain by a killer bee

Illustrated notes

Levels and vault maps discovered:
D:1:      dpeg_arrival_simpleton_c, layout_loops_ring
D:2:      layout_loops_cross, nzn_wu_jian_council_hall, eino_tiny_chamber,
          uniq_terence
D:3:      layout_basic, overflow_temple_1_default,
          nicolae_overflow_crystal_walls, hangedman_feature_mirror,
          cheibrodos_ashenzari_chains
D:4:      kennysheep_slugbush, layout_cave_pools, zin_statuary,
          temple_fountains, minivault_11, abandoned_shop, grunt_ministairs_13

Skill      XL: |  1  2  3  4  5  6 |
---------------+-------------------+-----
Bows           | 5 6 7 8 |  8.5
Fighting       | |  2.0
Dodging        | |  2.1
Stealth        | |  1.0

Action                   |  1- 3 |  4- 6 || total
-------------------------+-------+-------++-------
Melee: Short sword       |    58 |   110 ||   168
       Kick              |    16 |    29 ||    45
       Peck              |     7 |    19 ||    26
 Fire: Shortbow          |     5 |    13 ||    18
  Use: Potion            |       |     1 ||     1
Armor: Leather armour    |     7 |    24 ||    31
Dodge: Dodged            |    29 |    87 ||   116

Table legend: (Time is in decaauts)
 A = Elapsed time spent in this place.
 B = Non-inter-level travel time spent in this place.
 C = Inter-level travel time spent in this place.
 D = Time resting spent in this place.
 E = Time spent auto-exploring this place.
 F = Levels seen in this place.
 G = Mean time per level.
                   A        B        C        D        E       F      G
               +--------+--------+--------+--------+--------+-----+--------+
         Total |   4098 |   3931 |    167 |    265 |   3189 |   4 | 1024.5 |
       Dungeon |   4098 |   3931 |    167 |    265 |   3189 |   4 | 1024.5 |
               +--------+--------+--------+--------+--------+-----+--------+

Top non-repeatable levels by time:
     D:3: 1381 daAuts
     D:2: 1216 daAuts
     D:1: 1075 daAuts
     D:4: 425 daAuts
